 Dungeon Crawl Stone Soup version 0.27-a0-1391-g48c30b3128 (webtiles) character file.

Game seed: 4630206413047402731

36 Froggeryz the Cutter (level 3, 0/39 HPs)
             Began as an Octopode Berserker on July 1, 2021.
             Was a Follower of Trog.
             Slain by an orc priest (7 damage)
             ... on level 4 of the Dungeon.
             The game lasted 00:00:47 (1065 turns).

Froggeryz the Cutter (Octopode Berserker)           Turns: 1065, Time: 00:00:48

Health: 0/39       AC:  1    Str: 16    XL:     3   Next: 37%
Magic:  3/3        EV: 13    Int:  9    God:    Trog [*.....]
Gold:   53         SH:  0    Dex: 12    Spells: 2/2 levels left

rFire    . . .     SeeInvis +   a - +0 short sword
rCold    . . .     Faith    .   (no shield)
rNeg     . . .     Spirit   .   (helmet restricted)
rPois    .         Reflect  .   (no amulet)
rElec    .         Harm     .   g - ring of see invisible
rCorr    .         Rampage  .   (no ring)
Will     .....                  (no ring)
Stlth    ..........             (no ring)
HPRegen  0.13/turn              (no ring)
MPRegen  0.08/turn              (no ring)
                                (no ring)
                                (no ring)

@: berserking, very quick
A: almost no armour, amphibious, 8 rings, camouflage 1, gelatinous body 1,
(nimble swimmer 1), tentacles
a: Renounce Religion, Berserk


You were on level 4 of the Dungeon.
You worshipped Trog.
Trog was aware of your devotion.
You visited 1 branch of the dungeon, and saw 3 of its levels.

You collected 53 gold pieces.

Inventory:

Hand Weapons
 a - a +0 short sword (weapon)
Jewellery
 g - a ring of see invisible (left tentacle)
Scrolls
 b - a scroll of teleportation {unknown}
 c - a scroll of magic mapping {unknown}
 e - a scroll of noise {unknown}
 f - a scroll of immolation {unknown}
Potions
 d - a potion of invisibility {unknown}


   Skills:
 - Level 3.0 Fighting
 * Level 4.0 Short Blades
 - Level 3.0 Dodging
 + Level 2.1 Stealth


You had 2 spell levels left.
You didn't know any spells.
Your spell library was empty.

Dungeon Overview and Level Annotations

Branches:
Dungeon (2/15)

Altars:


Innate Abilities, Weirdness & Mutations

You cannot wear most types of armour.
You are amphibious.
You can wear up to eight rings at the same time.
Your skin changes colour to match your surroundings (Stealth+).
Your rubbery body absorbs attacks. (AC +1, EV +1)
((You are camouflaged near water. (Stealth+)))
You have tentacles for arms and can constrict up to eight enemies at once.


Message History

The dart slug is almost dead.
You constrict the dart slug.
You kill the dart slug!
Trog accepts your kill.
An adder comes into view.
Your Short Blades skill increases to level 4!
A scorpion and 2 orcs come into view.
The orc shouts!
The orc priest miscasts a cantrip.
The orc closely misses you.
The orc moves out of view.
You hit the orc. You grab the orc.
The orc is heavily wounded.
You constrict the orc, but do no damage.
The orc completely misses you.
You hit the orc but do no damage.
The orc is heavily wounded.
You constrict the orc. The orc hits you but does no damage.
You hit the orc.
You kill the orc!
Trog accepts your kill.
You hit the orc priest. You grab the orc priest.
The orc priest is lightly wounded.
You constrict the orc priest.
The orc priest hits you with a +0 hand axe of flaming.
The orc priest burns you.
You barely miss the orc priest.
The orc priest is moderately wounded.
You constrict the orc priest.
The orc priest struggles to escape constriction.
You hit the orc priest.
The orc priest is moderately wounded.
You constrict the orc priest.
The orc priest mumbles some strange prayers to Beogh against you.
Beogh smites you!
* * * LOW HITPOINT WARNING * * *
You hear a shout!
A red film seems to cover your vision as you go berserk!
You feel yourself moving faster!
You feel mighty!
You constrict the orc priest.
The orc priest hits you with a +0 hand axe of flaming!
You die...

# ##### #
#.....###..
.#.#.#...# #
.........
#.###.....#
#...@.†.###.#
#.###o......#
.......o....###
###s...####.#
#..... # #.....
#$#.oS #.#..o #
#...


You could see an orc priest and an orc wizard.

Vanquished Creatures
  2 dart slugs
  An orc (D:4)
  2 ball pythons (D:1)
  2 bats (D:1)
  An endoplasm (D:1)
  4 giant cockroaches (D:1)
  A hobgoblin (D:1)
  5 jackals (D:1)
  2 kobolds (D:1)
  2 quokkas
  5 rats (D:1)
27 creatures vanquished.

Notes
Turn   | Place    | Note
-------+----------+-------------------------------------------
     0 | D:1      | Froggeryz the Octopode Berserker began the quest for the
                  | Orb.
     0 | D:1      | Reached XP level 1. HP: 16/16 MP: 1/1
   211 | D:1      | Reached skill level 1 in Stealth
   232 | D:1      | Reached XP level 2. HP: 21/21 MP: 2/2
   290 | D:1      | Found a faded altar of an unknown god.
   724 | D:1      | Reached XP level 3. HP: 26/26 MP: 3/3
  1049 | D:2      | You fall into a shaft and drop 2 floors!
  1054 | D:4      | Reached skill level 4 in Short Blades
  1054 | D:4      | Noticed a scorpion
  1065 | D:4      | Slain by an orc priest

Illustrated notes

Levels and vault maps discovered:
D:1:      onia_arrival_handbag, layout_loops_corners,
          ebering_ecumenical_altar_hall
D:2:      layout_basic
D:4:      layout_basic, minmay_temple_entry_tees, sigmund_army

Skill      XL: |  1  2  3 |
---------------+----------+-----
Stealth        | 1 2 |  2.1
Short Blades   | 4 |  4.0
Fighting       | |  3.0
Dodging        | |  3.0

Action                   || total
-------------------------++-------
Melee: Short sword       ||    46
       Constrict         ||    11
       Tentacles         ||     7
Invok: Berserk           ||     1
 Stab: Sleeping          ||    14
Armor: Skin              ||     3
Dodge: Dodged            ||    21

Table legend: (Time is in decaauts)
 A = Elapsed time spent in this place.
 B = Non-inter-level travel time spent in this place.
 C = Inter-level travel time spent in this place.
 D = Time resting spent in this place.
 E = Time spent auto-exploring this place.
 F = Levels seen in this place.
 G = Mean time per level.
                   A        B        C        D        E       F      G
               +--------+--------+--------+--------+--------+-----+--------+
         Total |   1060 |   1023 |     37 |      0 |    866 |   3 |  353.3 |
       Dungeon |   1060 |   1023 |     37 |      0 |    866 |   3 |  353.3 |
               +--------+--------+--------+--------+--------+-----+--------+

Top non-repeatable levels by time:
     D:1: 1000 daAuts
     D:2: 44 daAuts
     D:4: 15 daAuts
